 Dungeon Crawl Stone Soup version 0.30-a0-166-g5d06c95188 (webtiles) character file.

Game seed: 773932749685346531

47 qw the Chopper (level 3, -1/23 HPs)
             Began as a Gargoyle Fighter on Sept 28, 2022.
             Frozen to death by an endoplasm (2 damage)
             ... on level 1 of the Dungeon.
             The game lasted 00:00:24 (852 turns).

qw the Chopper (Gargoyle Fighter)                    Turns: 852, Time: 00:00:24

Health: -1/23      AC: 10    Str: 21    XL:     3   Next: 70%
Magic:  3/3        EV:  9    Int:  8    God:
Gold:   27         SH:  4    Dex:  9    Spells: 2/2 levels left

rFire   . . .      SeeInvis .    Y - +1 war axe
rCold   . . .      Faith    .    c - +0 buckler
rNeg    + . .      Spirit   .    b - +0 scale mail
rPois   inf        Reflect  .    (no helmet)
rElec   +          Harm     .    (no cloak)
rCorr   .          Rampage  .    (no gloves)
Will    .....                    (no boots)
Stlth   ..........               (no amulet)
HPRegen 0.07/turn                (no ring)
MPRegen 0.08/turn                (no ring)

@: no status effects
A: sickness immunity, AC +3, negative energy resistance 1, electricity
resistance, torment resistance 1, petrification resistance
a: no special abilities


You were on level 1 of the Dungeon.
You visited 1 branch of the dungeon, and saw 2 of its levels.

You collected 27 gold pieces.


Innate Abilities, Weirdness & Mutations

You are immune to sickness and miasma.
Your stone body is resilient. (AC +3)
You are immune to poison.
You resist negative energy. (rN+)
You are resistant to electric shocks. (rElec)
You are resistant to unholy torment.
You are immune to petrification.


   Skills:
 - Level 3.2 Fighting
 + Level 3.6 Axes
 - Level 3.2 Armour
 - Level 3.2 Shields


You had 2 spell levels left.
You didn't know any spells.
Your spell library was empty.

Inventory:

Hand Weapons
 k - a +0 whip
 Y - a +1 war axe (weapon)
Armour
 b - a +0 scale mail (worn)
 c - a +0 buckler (worn)
Scrolls
 a - a scroll of identify
Potions
 d - a potion of might

Dungeon Overview and Level Annotations

Branches:
Dungeon (2/15)

Altars:

Shops:
D:1 [


Message History

The ball python hisses angrily.
You slash the dart slug!
You kill the dart slug!
There is a stone staircase leading up here.
846 ||| STAIRDANCE The gnoll closely misses you.
The ball python bites you but does no damage.
The ball python grabs you.
You stop ascending the stairs.
The ball python constricts you.
You slash the ball python!
You kill the ball python!
You slash the gnoll! You hit the gnoll. The gnoll hits you but does no damage.
The gnoll barely misses you. The gnoll hits you but does no damage.
848 ||| STAIRDANCE The gnoll closely misses you.
The gnoll hits you from afar with a +0 halberd.
The endoplasm freezes you.
You are frozen.
You block the gnoll's attack. The gnoll barely misses you.
You climb upwards.
There is a stone staircase leading down here.
You barely miss the gnoll.
The gnoll is almost dead.
You hit the endoplasm. You barely miss the gnoll. You slash the gnoll!
The endoplasm closely misses you. The gnoll hits you but does no damage.
The gnoll barely misses you. x2
The endoplasm freezes you.
You are frozen.
The gnoll hits you with a +0 whip. The gnoll barely misses you.
The gnoll hits you with a +0 flail.
You hit the gnoll.
You kill the gnoll!
You hit the gnoll. You hit the endoplasm. You hit the gnoll.
The endoplasm hits you but does no damage.
The gnoll hits you with a +0 flail. The gnoll completely misses you.
You barely miss the gnoll.
The gnoll is almost dead.
You barely miss the gnoll. You hit the endoplasm. The endoplasm freezes you.
You are frozen.
You die...

##.# #... #..# #).. #.## #.#. #.#
#.#. #.# ##.#. #######)# #...#
##### #.......# ###.#.. #...##
#g#####.####...#.. .....##
######@#####......#####
......#####....)gJ..##.####...#..
.......#.......#.##.##.# ###.#..
.........#..##.......#.# #..\.
.......#....##.#.......# ###..
............##.##....### #..
.....##..#####.##.##.### #..
#...###..#####.##......## #..
#######.................#######..


You could see 2 gnolls and an endoplasm.

Vanquished Creatures
  A gnoll (D:1)
  2 dart slugs
  4 endoplasms (D:1)
  A giant cockroach (D:1)
  A goblin (D:1)
  4 hobgoblins (D:1)
  3 jackals (D:1)
  A quokka (D:1)
  4 ball pythons
  2 frilled lizards (D:1)
  4 kobolds (D:1)
  3 rats (D:1)
30 creatures vanquished.

Notes
Turn   | Place    | Note
-------+----------+-------------------------------------------
     0 | D:1      | qw the Gargoyle Fighter began the quest for the Orb.
     0 | D:1      | Reached XP level 1. HP: 14/14 MP: 1/1
     0 | D:1      | 0 ||| qw: Version: 0.2-a-12-gaebbb33
     0 | D:1      | 0 ||| qw: Game counter: 979
     0 | D:1      | 0 ||| qw: Always use a shield: true
     0 | D:1      | 0 ||| qw: God list: Okawaru
     0 | D:1      | 0 ||| qw: Allow faded altars: false
     0 | D:1      | 0 ||| qw: Do Orc after D:15 true
     0 | D:1      | 0 ||| qw: Do second Lair branch before Depths: true
     0 | D:1      | 0 ||| qw: Lair rune preference: random
     0 | D:1      | 0 ||| qw: Plans: Normal, Zot:1-4, God:TSO, Crypt, Tomb,
                  | Pan, Slime:5, Hells, Abyss, Orb
     0 | D:1      | 0 ||| PLANNING D:1-11
     4 | D:1      | 4 ||| SHOPLISTING chain mail (121 gold, have 0).
     4 | D:1      | 4 ||| SHOPLISTING glowing plate armour (702 gold, have 0).
     4 | D:1      | 4 ||| SHOPLISTING helmet (121 gold, have 0).
     4 | D:1      | 4 ||| SHOPLISTING shiny ring mail (189 gold, have 0).
    19 | D:1      | 19 ||| Stepping ~*~*~tactically~*~*~ (stealth).
    79 | D:1      | Found a faded altar of an unknown god.
    86 | D:1      | 86 ||| Stepping ~*~*~tactically~*~*~ (hiding).
    88 | D:1      | 88 ||| Stepping ~*~*~tactically~*~*~ (hiding).
    97 | D:1      | Reached XP level 2. HP: 19/19 MP: 2/2
   338 | D:1      | 338 ||| Stepping ~*~*~tactically~*~*~ (stealth).
   339 | D:1      | 339 ||| Stepping ~*~*~tactically~*~*~ (stealth).
   418 | D:1      | 418 ||| Stepping ~*~*~tactically~*~*~ (stealth).
   419 | D:1      | 419 ||| Stepping ~*~*~tactically~*~*~ (stealth).
   424 | D:1      | 424 ||| Stepping ~*~*~tactically~*~*~ (stealth).
   425 | D:1      | 425 ||| DROPPING +0 club.
   431 | D:1      | Reached skill level 3 in Axes
   431 | D:1      | 431 ||| Stepping ~*~*~tactically~*~*~ (stealth).
   434 | D:1      | 434 ||| Stepping ~*~*~tactically~*~*~ (stealth).
   438 | D:1      | 438 ||| Stepping ~*~*~tactically~*~*~ (stealth).
   445 | D:1      | 445 ||| Stepping ~*~*~tactically~*~*~ (stealth).
   453 | D:1      | 453 ||| Stepping ~*~*~tactically~*~*~ (stealth).
   461 | D:1      | Reached XP level 3. HP: 23/23 MP: 3/3
   821 | D:1      | 821 ||| READING 3 scrolls labelled KONYFO YJIP.
   822 | D:1      | 822 ||| READING scroll labelled JADACEL WOTINU.
   823 | D:1      | 823 ||| READING scroll labelled IKUCLEFANN.
   824 | D:1      | 824 ||| READING scroll labelled DESIAWAUTS.
   829 | D:1      | 829 ||| READING 2 scrolls of identify.
   829 | D:1      | 829 ||| IDENTIFYING fizzy black potion
   830 | D:1      | 830 ||| DROPPING potion of flight.
   846 | D:2      | 846 ||| STAIRDANCE
   848 | D:2      | 848 ||| STAIRDANCE
   850 | D:1      | HP: 4/23 [gnoll/+0 flail (6)]
   851 | D:1      | HP: 1/23 [gnoll/+0 flail (3)]
   852 | D:1      | Frozen to death by an endoplasm

Levels and vault maps discovered:
D:1:      minmay_arrival_arboretum_small, layout_loops_cross,
          hellmonk_ecumenical_altar_run_dry, serial_shops, shop
D:2:      cheibrodos_pilgrimage, layout_rooms, grunt_ministairs_13

Skill      XL: |  1  2 |
---------------+-------+-----
Axes           | 2 3 |  3.6
Fighting       | |  3.2
Armour         | |  3.2
Shields        | |  3.2

Action                   || total
-------------------------++-------
Melee: War axe           ||    54
  Use: Scroll            ||     5
Armor: Scale mail        ||    27
Dodge: Dodged            ||    28
Block: Buckler           ||     4

Table legend:
 A = Non-vault XP
 B = Vault XP
 C = Vault XP percentage of total XP
 D = Non-vault monster count
 E = Vault monster count
 F = Vault count percentage of total count
                 A         B        C        D         E       F
            +---------+---------+-------+---------+---------+-------
      Total |      50 |      18 |  26.5 |      28 |       2 |   6.7
            +---------+---------+-------+---------+---------+-------
        D:1 |      48 |      14 |  22.6 |      27 |       1 |   3.6
        D:2 |       2 |       4 |  66.7 |       1 |       1 |  50.0
            +---------+---------+-------+---------+---------+-------
